AoeStats
← Eliot

Hideout

509907369Analyzed
1v1 RM · 5d ago on Sep 28, 2026· 43m 43s· 2 players
Game mode
Random Map
Map size
Tiny (2 player)
Population
200
Speed
Normal
Resources
Standard
Victory
Conquest
Starting age
Dark Age
Ending age
Imperial Age
RankedLock teamsTeams togetherTeam positionsShared explorationLock speedFull tech treeHidden civsTurbo modeCheats
Victory
Defeat
🇪🇸 Danes · Spain
1578
+14
🇫🇷 Berbers · France
1543
-14
Dromi
11:18 Feudal Age
16:33 Castle Age
15:06 Horse Collar
15:26 Double-Bit Axe
16:36 Bloodlines
16:42 Fletching
18:07 Loom
18:24 Bodkin Arrow
19:38 Ballistics
21:05 Town Watch
21:39 Husbandry
25:38 Scale Barding Armor
25:44 Forging
Eliot
13:35 Feudal Age
18:10 Castle Age
17:55 Horse Collar
18:03 Double-Bit Axe
23:18 Imperial Age
22:11 Forging
22:11 Scale Mail Armor
23:31 Onager
24:54 Loom
25:20 Town Watch
Connection lost

Rejoining the realm…

Still unreachable

The connection could not be restored.

Session expired

The server has moved on; the page needs a fresh start.